 Dungeon Crawl Stone Soup version 0.29-a0-187-ga23d9638d5 (webtiles) character file.

Game seed: 16577653675001298745

2996 Hasart the Carver (level 9, 0/105 (108) HPs)
             Began as a Barachi Berserker on Feb 21, 2022.
             Was a Priest of Trog.
             Slain by a wight (2 damage)
             ... while paralysed by a hornet
             ... on level 8 of the Dungeon.
             The game lasted 00:14:17 (5514 turns).

Hasart the Carver (Barachi Berserker)               Turns: 5514, Time: 00:14:18

HP:   0/105 (108)   AC: 15    Str: 23    XL:     9   Next: 84%
MP:   9/9           EV:  2    Int:  7    God:    Trog [***...]
Gold: 29            SH:  0    Dex: 12    Spells: 8/8 levels left

rFire   + . .      SeeInvis +   j - +4 scimitar
rCold   . . .      Faith    .   (no shield)
rNeg    . . .      Spirit   .   h - +1 ring mail
rPois   .          Reflect  .   i - +2 hat {SInv}
rElec   .          Harm     .   g - +2 cloak
rCorr   .          Rampage  .   w - +1 pair of gloves "Quurph" {rF+ Will+}
Will    +....                   (no boots)
Stlth   ..........              c - amulet of regeneration
HPRegen 1.07/turn               (no ring)
MPRegen 0.11/turn               (no ring)

@: paralysed, berserking (expiring), lethally poisoned (0 -> -14), slowed,
lightly drained, slow
A: amphibious, slowness 1, strong legs 1, +LOS
a: Hop, Renounce Religion, Berserk, Trog's Hand


You were on level 8 of the Dungeon.
You worshipped Trog.
Trog was most pleased with you.
You visited 1 branch of the dungeon, and saw 8 of its levels.

You collected 247 gold pieces.
You spent 218 gold pieces at shops.

Inventory:

Hand Weapons
 j - a +4 scimitar (weapon)
Armour
 g - a +2 cloak (worn)
 h - a +1 ring mail (worn)
 i - a +2 hat of see invisible (worn)
 w - the +1 pair of gloves "Quurph" (worn) {rF+ Will+}
   (You bought it in a shop on level 2 of the Dungeon)

   rF:        It protects you from fire.
   Will:      It increases your willpower.
Jewellery
 b - a ring of ice
 c - an amulet of regeneration (around neck)
 m - a ring of see invisible
 x - an amulet of faith
 y - a ring of fire
Wands
 f - a wand of flame (13)
 s - a wand of iceblast (8)
 u - a wand of mindburst (10)
Scrolls
 d - 3 scrolls of identify
 o - a scroll of teleportation
 q - 2 scrolls of amnesia
 r - a scroll of magic mapping
Potions
 e - a potion of heal wounds {unknown}
 l - 2 potions of degeneration {unknown}
 n - a potion of attraction {unknown}
 p - 3 potions of haste {unknown}
 z - a potion of ambrosia {unknown}


   Skills:
 + Level 7.5 Fighting
 * Level 10.1 Long Blades
 + Level 4.7 Throwing
 + Level 6.9 Armour
 + Level 6.4 Dodging
 + Level 1.2 Evocations


You had 8 spell levels left.
You didn't know any spells.
Your spell library contained the following spells:

 Spells                   Type           Power      Damage    Failure   Level
 Apportation              Tloc           0%         N/A       56%         1
 Call Canine Familiar     Summ           0%         N/A       90%         3
 Portal Projectile        Hex/Tloc       0%         N/A       90%         3
 Teleport Other           Tloc           0%         N/A       90%         3
 Tukima's Dance           Hex            0%         N/A       90%         3
 Anguish                  Hex/Necr       0%         N/A       100%        4
 Leda's Liquefaction      Hex/Erth       0%         N/A       100%        4
 Blade Hands              Tmut           0%         N/A       100%        5
 Statue Form              Tmut/Erth      0%         N/A       100%        6
 Enfeeble                 Hex            0%         N/A       100%        7


Dungeon Overview and Level Annotations

Branches:
Dungeon (9/15)             Temple (0/1) D:5            Lair (0/6) D:9
    Orc: D:9-12

Altars:
Elyvilon

Shops:
D:2 [

Annotations:
D:4 1 runed translucent door, Crazy Yiuf


Innate Abilities, Weirdness & Mutations

You are amphibious.
You cover ground slowly.
You can hop short distances.
You have an extended range of vision and can be seen from far away.


Message History

The hornet stings you!
You are more poisoned.
You feel yourself slow down. The howler monkey barely misses you.
The white imp puffs mist at you. The wight misses you.
The wight hits you with a +5 great sword!!
You miss the hornet.
You feel very sick. The hornet stings you.
You feel as though you will be slow longer.
The howler monkey misses you. The white imp gestures at you.
The puff of frost hits you. The hornet stings you!
You are more poisoned.
You feel as though you will be slow longer.
The wight barely misses you.
You completely miss the hornet.
You feel very sick. The howler monkey barely misses you.
The wight hits you with a +5 great sword.
You feel drained. The orc barely misses you. The white imp gestures at you.
The puff of frost hits you! The hornet stings you.
* * * LOW HITPOINT WARNING * * *
You suddenly lose the ability to move!
The wight hits you with a +1 great sword of freezing!
* * * LOW HITPOINT WARNING * * *
The wight freezes you.
* * * LOW HITPOINT WARNING * * *
You feel very sick. The howler monkey hits you.
* * * LOW HITPOINT WARNING * * *
The hornet stings you.
* * * LOW HITPOINT WARNING * * *
You are more poisoned.
You feel as though you will be slow longer.
The wight hits you with a +5 great sword.
* * * LOW HITPOINT WARNING * * *
You feel drained.
You die...

........... ###
........... ##...
.......(..##.....
..[....#.........
.................
.................
................#
.......†oh.......
.......y@5..#
........zz.......
..............)..
.###.............
#....(...#...#
##........ #.#
.......... .
...#........
.........###..


You could see a hornet, a howler monkey, 2 wights, a white imp and an orc.

Vanquished Creatures
  A centaur zombie (D:6)
  A hornet (D:9)
  Grinder (D:4)
  Sigmund (D:3)
  A water moccasin (D:5)
  Duvessa (D:4)
  A black bear (D:4)
  An ice beast (D:5)
  A sky beast (D:5)
  An orc warrior (D:6)
  A necrophage (D:5)
  An ogre (D:4)
  A centaur (D:5)
  2 phantoms
  A scorpion (D:5)
  A bullfrog (D:4)
  A water moccasin zombie (D:5)
  Dowan (D:4)
  5 wights
  2 howler monkeys (D:8)
  A jelly (D:4)
  A bullfrog zombie (D:5)
  A gnoll shaman (D:4)
  2 orc priests
  3 hounds
  2 orc wizards
  Natasha (thrice) (D:4)
  A hound skeleton (D:5)
  6 adders
  9 gnolls
  An ufetubus (D:4)
  2 adder skeletons (D:5)
  2 dart slugs (D:1)
  16 orcs
  6 bats
  8 endoplasms
  2 giant cockroaches
  8 goblins
  4 hobgoblins
  12 jackals
  A quokka (D:1)
  8 ball pythons
  A frilled lizard (D:1)
  5 kobolds
  2 rats
133 creatures vanquished.

Vanquished Creatures (others)
  28 plants (D:4)
  5 withered plants (D:2)
33 creatures vanquished.

Grand Total: 166 creatures vanquished

Notes
Turn   | Place    | Note
-------+----------+-------------------------------------------
     0 | D:1      | Hasart the Barachi Berserker began the quest for the Orb.
     0 | D:1      | Reached XP level 1. HP: 18/18 MP: 1/1
   111 | D:1      | Reached XP level 2. HP: 11/25 MP: 2/2
   118 | D:1      | Reached skill level 4 in Long Blades
   768 | D:1      | Reached XP level 3. HP: 30/30 MP: 3/3
  1379 | D:2      | Found Baschih's Antique Armour Emporium.
  1675 | D:2      | Reached ** piety under Trog
  1987 | D:2      | Found a faded altar of an unknown god.
  2196 | D:3      | Noticed Sigmund
  2204 | D:3      | Killed Sigmund
  2205 | D:3      | Reached skill level 5 in Long Blades
  2205 | D:3      | Reached XP level 4. HP: 38/38 MP: 4/4
  2205 | D:3      | Reached XP level 5. HP: 43/43 MP: 5/5
  2314 | D:3      | Reached XP level 6. HP: 49/49 MP: 6/6
  2673 | D:3      | Reached skill level 6 in Long Blades
  2782 | D:3      | Reached skill level 1 in Throwing
  3056 | D:4      | Noticed Natasha
  3067 | D:4      | Killed Natasha
  3068 | D:4      | Reached skill level 5 in Fighting
  3072 | D:4      | Noticed Natasha
  3133 | D:4      | Killed Natasha
  3134 | D:4      | Reached XP level 7. HP: 56/56 MP: 7/7
  3312 | D:4      | Identified the +3 dagger of Nemelex Xobeh's Fury {flame,
                  | *Corrode rElec rC+}
  3375 | D:4      | Noticed Natasha
  3396 | D:4      | Killed Natasha
  3405 | D:4      | Noticed Grinder
  3424 | D:4      | Killed Grinder
  3425 | D:4      | Reached skill level 7 in Long Blades
  3531 | D:4      | Noticed Dowan
  3539 | D:4      | Noticed Duvessa
  3547 | D:4      | Killed Dowan
  3553 | D:4      | Killed Duvessa
  3554 | D:4      | Reached skill level 5 in Armour
  3554 | D:4      | Reached XP level 8. HP: 53/64 MP: 8/8
  3741 | D:4      | Got the Grimoire of Transmigration and Dislocation
  3914 | D:4      | Found a runed translucent door.
  3915 | D:4      | Noticed Crazy Yiuf
  3995 | D:5      | Entered Level 5 of the Dungeon
  4007 | D:5      | Reached skill level 8 in Long Blades
  4007 | D:5      | Reached skill level 5 in Dodging
  4095 | D:5      | Reached *** piety under Trog
  4227 | D:5      | Found a staircase to the Ecumenical Temple.
  4241 | D:5      | Identified the +6 fustibalus "Raympi" {freeze, rElec
                  | Stlth+}
  4477 | D:2      | Bought a pair of brightly glowing gloves for 218 gold
                  | pieces
  4477 | D:2      | Identified the +1 pair of gloves "Quurph" {rF+ Will+} (You
                  | bought it in a shop on level 2 of the Dungeon)
  4580 | D:5      | Reached XP level 9. HP: 59/71 MP: 9/9
  4732 | D:5      | Reached skill level 9 in Long Blades
  5384 | D:6      | Found a white marble altar of Elyvilon.
  5431 | D:6      | You fall into a shaft and drop 3 floors!
  5431 | D:9      | Noticed a hornet
  5435 | D:9      | Killed a hornet
  5436 | D:9      | Reached skill level 10 in Long Blades
  5473 | D:9      | Found a staircase to the Lair.
  5473 | D:9      | Noticed a death yak
  5474 | D:9      | Noticed a death yak
  5474 | D:9      | Noticed a death yak
  5498 | D:8      | Reached skill level 1 in Evocations
  5500 | D:8      | Noticed a hornet
  5513 | D:8      | Paralysed by a hornet for 3 turns
  5514 | D:8      | HP: 2/106 [wight (5)]
  5514 | D:8      | Slain by a wight

Illustrated notes

Levels and vault maps discovered:
D:1:      tarquinn_simple_flora_water_d, layout_loops_ring
D:2:      layout_basic, serial_shops, nicolae_shop_advertising_works
          [nicolae_subvault_shop_adworks], ebering_ecumenical_altar_petrified
D:3:      layout_loops_ring, uniq_sigmund
D:4:      nicolae_cairo_tiling_large, layout_rooms, serial_bayou_pond_c,
          uniq_duvessa, uniq_natasha, uniq_grinder, uniq_crazy_yiuf_cottage
D:5:      layout_loops_corners, minmay_temple_entry_offerings
D:6:      layout_gridville, mainiacjoe_overflow_brackets,
          nicolae_ossuary_entry_plus
D:8:      layout_cave_pools, grunt_temple_overflow_open, ashenzari_altar_1,
          gammafunk_ghost_necromancy, uniq_prince_ribbit1
D:9:      layout_roguey, overflow_temple_1_default, dpeg_lair_monsters,
          chequers_big_river, nicolae_figureground_sparkle

Skill      XL: |  1  2  3  4  5  6  7  8  9 |
---------------+----------------------------+-----
Long Blades    | 4 5 6 7 8 10 | 10.1
Fighting       | 4 5 6 7 |  7.5
Armour         | 3 4 5 6 |  6.9
Dodging        | 3 4 5 6 |  6.4
Throwing       | 1 2 3 4 |  4.7
Evocations     | 1 |  1.2

Action                   |  1- 3 |  4- 6 |  7- 9 || total
-------------------------+-------+-------+-------++-------
Melee: Falchion          |   111 |   136 |   416 ||   663
       Punch             |     1 |     1 |     9 ||    11
       Scimitar          |       |       |    43 ||    43
Throw: Dart              |       |     3 |     1 ||     4
       Throwing net      |       |       |     1 ||     1
Invok: Berserk           |     1 |     3 |     4 ||     8
       Trog's Hand       |       |       |     2 ||     2
 Abil: Hop               |       |     1 |     1 ||     2
Evoke: Wand              |       |       |     2 ||     2
  Use: Scroll            |     4 |       |     7 ||    11
 Stab: Sleeping          |     1 |       |       ||     1
       Held in net/web   |       |       |     1 ||     1
Armor: Animal skin       |    30 |       |       ||    30
       Ring mail         |     2 |    62 |   223 ||   287
Dodge: Dodged            |    86 |    98 |   327 ||   511

Table legend: (Time is in decaauts)
 A = Elapsed time spent in this place.
 B = Non-inter-level travel time spent in this place.
 C = Inter-level travel time spent in this place.
 D = Time resting spent in this place.
 E = Time spent auto-exploring this place.
 F = Levels seen in this place.
 G = Mean time per level.
                   A        B        C        D        E       F      G
               +--------+--------+--------+--------+--------+-----+--------+
         Total |   6266 |   5780 |    486 |    548 |   3665 |   8 |  783.2 |
       Dungeon |   6266 |   5780 |    486 |    548 |   3665 |   8 |  783.2 |
               +--------+--------+--------+--------+--------+-----+--------+

Top non-repeatable levels by time:
     D:1: 1438 daAuts
     D:5: 1286 daAuts
     D:3: 1197 daAuts
     D:2: 1037 daAuts
     D:4: 1025 daAuts
     D:6: 194 daAuts
     D:9: 69 daAuts
     D:8: 18 daAuts
